 Dungeon Crawl Stone Soup version 0.31.0-12-g77e489cdc1 (webtiles) character file.

Game seed: 4715810329928649804

567 Metae the Covered (level 7, -3/51 (61) HPs)
             Began as a Minotaur Fighter on Mar 4, 2024.
             Was a Believer of Okawaru.
             Slain by a wight
             ... wielding a +5 halberd
              (16 damage)
             ... on level 4 of the Dungeon.
             The game lasted 00:06:30 (3391 turns).

Metae the Covered (Minotaur Fighter)                Turns: 3391, Time: 00:06:30

HP:   -3/51 (61)    AC:  9    Str: 22    XL:     7   Next: 11%
MP:   7/7           EV:  9    Int:  5    God:    Okawaru [**....]
Gold: 183           SH:  5    Dex: 10    Spells: 6/6 levels left

rFire   . . .        h - +0 whip (elec)
rCold   + . .        c - +0 buckler
rNeg    . . .        o - +0 chain mail
rPois   .            (helmet restricted)
rElec   .            (no cloak)
rCorr   .            (no gloves)
SInv    .            (no boots)
Will    .....        g - amulet of the acrobat Stlth
                     k - ring of protection from cold
HPRegen 0.28/turn    (no ring)
MPRegen 0.10/turn

%: acrobat
@: heavily drained
A: horns 2, retaliatory headbutt
a: Renounce Religion, Heroism


You were on level 4 of the Dungeon.
You worshipped Okawaru.
Okawaru was pleased with you.
You visited 1 branch of the dungeon, and saw 4 of its levels.

You collected 183 gold pieces.

Inventory:

Hand Weapons
 a - a +0 trident
 h - a +0 whip of electrocution (weapon)
Missiles
 j - 10 poisoned darts (quivered)
 n - 3 javelins
Armour
 b - a +0 scale mail
 c - a +0 buckler (worn)
 o - a +0 chain mail (worn)
Jewellery
 g - an amulet of the acrobat (around neck)
 k - a ring of protection from cold (left hand)
Scrolls
 i - a scroll of amnesia
 l - 2 scrolls of noise
 m - a scroll of revelation
 p - 2 scrolls of teleportation
Potions
 d - 2 potions of might
 f - 4 potions of curing


   Skills:
 + Level 5.2 Fighting
 + Level 3.2 Maces & Flails
 - Level 2.9 Polearms
 + Level 5.2 Armour
 + Level 3.2 Dodging
 + Level 5.1 Shields
 + Level 2.2 Invocations


You had 6 spell levels left.
You didn't know any spells.
Your spell library contained the following spells:

 Spells                   Type           Power      Damage    Failure   Level
 Slow                     Hex            0%         N/A       98%         1
 Confusing Touch          Hex            0%         N/A       100%        3
 Sigil of Binding         Hex            0%         N/A       100%        3
 Vampiric Draining        Necr           0%         2d6       100%        3


Dungeon Overview and Level Annotations

Branches:
Dungeon (4/15)
 Temple: D:4-7

Altars:
Okawaru


Innate Abilities, Weirdness & Mutations

You have a pair of horns on your head.
You reflexively headbutt those who attack you in melee.


Message History

Things that are here:
a +2 morningstar; a +0 robe You are too injured to fight recklessly!
You are too injured to fight recklessly!
Hit: h) +0 whip (elec)
Press: ? - help, Dir - move target, f - you
Okay, then.
You block the wight's attack.
You closely miss the wight. You headbutt the wight.
The wight is lightly damaged.
You block the wight's attack.
You barely miss the wight. You headbutt the wight!
The wight is severely damaged.
You block the wight's attack.
You hit the wight but do no damage. Lightning courses through the wight!
You destroy the wight!
Okawaru accepts your kill.
You have reached level 7!
There is a stone staircase leading up here.
You climb upwards.
There is a stone staircase leading down here.
You start resting.
HP restored.
You climb downwards.
There is a stone staircase leading up here.
The wight misses you. The wight completely misses you.
You barely miss the wight. The wight hits you with a +5 halberd!!
You barely miss the wight. The wight hits you with a +5 halberd.
You barely miss the wight. Your headbutt misses the wight.
The wight hits you with a +5 halberd!
You feel drained.
You hit the wight but do no damage. Lightning courses through the wight!
The wight is severely damaged.
The wight hits you with a +5 halberd!
* * * LOW HITPOINT WARNING * * *
You feel drained.
You hit the wight but do no damage. You headbutt the wight.
The wight is almost destroyed.
The wight hits you with a +5 halberd!
You die...

##########.........#
#........#.........#
#........#.........#
#........#.<.......#
#....<...#.........# #####
#........#.........# #....
#........#.........# #....
#........#.........# #....
#........#.@.......# #....
#........#.z.......#####....
#........#.........#...###'#
#........#......รท..#.......#
#........#.........#.......#
#........#.........).......#
#........#.........#.......#
#........#######+###.......#
#........#.................#


You could see a wight.

Vanquished Creatures
  Sigmund (D:2)
  A phantom (D:4)
  2 wights (D:4)
  A bombardier beetle (D:4)
  Terence (D:2)
  Jessica (D:3)
  An orc wizard (D:4)
  A gnoll (D:1)
  3 adders
  A ribbon worm (D:2)
  A dart slug (D:2)
  6 orcs
  A ball python (D:3)
  7 endoplasms
  3 giant cockroaches
  9 goblins
  5 hobgoblins
  4 jackals (D:1)
  5 quokkas
  3 bats
  2 frilled lizards
  5 kobolds
  6 rats
70 creatures vanquished.

Notes
Turn   | Place    | Note
-------+----------+-------------------------------------------
     0 | D:1      | Metae the Minotaur Fighter began the quest for the Orb.
     0 | D:1      | Reached XP level 1. HP: 19/19 MP: 0/0
   196 | D:1      | Reached XP level 2. HP: 27/27 MP: 1/1
   525 | D:1      | Reached skill level 1 in Dodging
   525 | D:1      | Reached XP level 3. HP: 3/33 MP: 2/2
  1715 | D:2      | Noticed Terence
  1726 | D:2      | Killed Terence
  1727 | D:2      | Reached skill level 1 in Maces & Flails
  1727 | D:2      | Reached XP level 4. HP: 34/40 MP: 3/3
  1798 | D:2      | Found an iron altar of Okawaru.
  1892 | D:2      | Became a worshipper of Warmaster Okawaru
  1937 | D:2      | Noticed Sigmund
  1949 | D:2      | Killed Sigmund
  1949 | D:2      | Reached * piety under Okawaru
  1950 | D:2      | Reached skill level 1 in Invocations
  1950 | D:2      | Reached XP level 5. HP: 29/47 MP: 4/4
  2400 | D:3      | Reached XP level 6. HP: 53/53 MP: 6/6
  2437 | D:3      | Noticed Jessica
  2439 | D:3      | Killed Jessica
  2816 | D:4      | Reached skill level 5 in Fighting
  2816 | D:4      | Reached skill level 5 in Armour
  2822 | D:4      | Reached skill level 5 in Shields
  3278 | D:4      | Reached ** piety under Okawaru
  3279 | D:4      | Reached XP level 7. HP: 25/55 MP: 7/7
  3391 | D:4      | Slain by a wight

Illustrated notes

Levels and vault maps discovered:
D:1:      roderic_octagonal_star, layout_loops_corners,
          minmay_misc_feat_secret_circle
D:2:      layout_basic, basic_altar, uniq_terence, uniq_sigmund
D:3:      layout_loops_ring, minmay_misc_feat_plants, minmay_bisected,
          uniq_jessica
D:4:      layout_gridville, nzn_overflow_gifts_of_might_and_magic,
          gammafunk_temple_overflow_wave

Skill      XL: |  1  2  3  4  5  6 |
---------------+-------------------+-----
Armour         | 4 5 |  5.2
Dodging        | 1 2 3 |  3.2
Fighting       | 4 5 |  5.2
Shields        | 4 5 |  5.1
Maces & Flails | 1 2 3 |  3.2
Invocations    | 1 2 |  2.2
Polearms       | |  2.9

Action                     |  1- 3 |  4- 6 |  7- 9 || total
---------------------------+-------+-------+-------++-------
  Melee: Trident           |    44 |       |       ||    44
         Headbutt          |     9 |    21 |     1 ||    31
         Whip              |    62 |    98 |     5 ||   165
    Use: Scroll            |       |     7 |       ||     7
 Armour: Scale mail        |    53 |     3 |       ||    56
         Chain mail        |       |    64 |     5 ||    69
  Dodge: Dodged            |    37 |    42 |     2 ||    81
  Block: Buckler           |    18 |    23 |       ||    41
